 Dungeon Crawl Stone Soup version 0.25-a0-707-g603da076d2 (webtiles) character file.

Game seed: 13487927027957520521, levelgen mode: deterministic

51 Ankalagon the Stinger (level 3, 0/28 HPs)
             Began as a Naga Venom Mage on Apr 5, 2020.
             Killed from afar by Natasha (10 damage)
             ... with a magic dart
             ... on level 2 of the Dungeon.
             The game lasted 00:06:29 (1417 turns).

Ankalagon the Stinger (Naga Venom Mage)             Turns: 1417, Time: 00:06:29

Health: 0/28       AC:  2    Str: 13    XL:     3   Next: 83%
Magic:  4/7        EV: 10    Int: 19    God:
Gold:   129        SH:  0    Dex: 11    Spells: 5/8 levels left

rFire    . . .     SeeInvis +   f - +3 hand axe (drain)
rCold    . . .     Gourm    .   (no shield)
rNeg     . . .     Faith    .   a - +0 robe
rPois    +         Spirit   .   (no helmet)
rElec    .         Reflect  .   (no cloak)
rCorr    .         Harm     .   (no gloves)
MR       .....                  (no barding)
Stlth    ++........             j - amulet of rage
HPRegen  0.09/turn              n - +3 ring of intelligence
MPRegen  0.10/turn              u - +3 ring of strength

@: very slow
A: large, see invisible, deformed body, poison resistance, slowness 2, slow
metabolism 1, spit poison 1, AC +1
a: Spit Poison, Evoke Berserk Rage


You were on level 2 of the Dungeon.
You were not hungry.

You visited 1 branch of the dungeon, and saw 3 of its levels.

You collected 129 gold pieces.

Inventory:

Hand Weapons
 e - a +1 dagger of freezing
 f - a +3 hand axe of draining (weapon)
Missiles
 l - 3 javelins (quivered)
Armour
 a - a +0 robe (worn)
 d - a +0 leather armour
 v - a +0 buckler
Jewellery
 j - an amulet of rage (around neck)
 n - a +3 ring of intelligence (left hand)
 u - a +3 ring of strength (right hand)
Scrolls
 g - a scroll of enchant weapon
 h - 2 scrolls of teleportation
 i - a scroll of noise {unknown}
 k - a scroll of fear {unknown}
 o - a scroll of magic mapping {unknown}
 q - a scroll of fog {unknown}
 r - a scroll of identify
 s - a scroll of remove curse
Potions
 b - a potion of cancellation {unknown}
 m - 2 potions of haste
 p - a potion of lignification {unknown}
 t - a potion of curing
Comestibles
 c - 6 rations


   Skills:
 - Level 1.5 Dodging
 - Level 3.0 Stealth
 + Level 3.0 Spellcasting
 - Level 1.6 Transmutations
 + Level 4.8 Poison Magic


You had 5 spell levels left.
You knew the following spells:

 Your Spells              Type           Power        Failure   Level  Hunger
e - Sting                 Tmut/Pois      ###.         4%          1    None
t - Poisonous Vapours     Pois/Air       ##....       9%          2    ##.....

Your spell library contained the following spells:

 Spells                   Type           Power        Failure   Level  Hunger
 Ignite Poison            Fire/Tmut/Pois ##......     19%         3    ###....
 Olgreb's Toxic Radiance  Pois           ###.....     21%         4    ####...
 Mephitic Cloud           Conj/Pois/Air  #.......     24%         3    ###....
 Confusing Touch          Hex            #.......     41%         3    ###....
 Gell's Gravitas          Tloc           #.........   41%         3    ###....
 Petrify                  Tmut/Erth      #.......     73%         4    ####...
 Yara's Violent Unravell  Hex/Tmut       #.........   97%         5    ######.
 Metabolic Englaciation   Hex/Ice        #.........   99%         5    ######.


Dungeon Overview and Level Annotations

Branches:
Dungeon (3/15)

Altars:

Annotations:
D:2 Natasha


Innate Abilities, Weirdness & Mutations

You cannot wear boots.
Your serpentine skin is tough. (AC +1)
You have supernaturally acute eyesight. (SInv)
Armour fits poorly on your strangely shaped body.
Your system is resistant to poisons. (rPois)
You cover ground very slowly.
You have a slow metabolism.
You can spit poison.


Message History

Casting: Sting (safe; 4% risk of failure)
Confirm with . or Enter, or press ? or * to list all spells.
Aiming: Sting (safe; 4% risk of failure)
Press: ? - help, Shift-Dir - straight line, f/p - Natasha
Aim: Natasha (poisoned)
The sting misses Natasha.
Natasha stares at you and mumbles some strange words.
You resist with some effort.
Casting: Sting (safe; 4% risk of failure)
Confirm with . or Enter, or press ? or * to list all spells.
Aiming: Sting (safe; 4% risk of failure)
Press: ? - help, Shift-Dir - straight line, f/p - Natasha
Aim: Natasha (poisoned)
The sting misses Natasha.
You have got your breath back.
Natasha claws you.
You miss Natasha.
Natasha mumbles some strange words.
Natasha casts a spell at you. The magic dart hits you!
You die...

...# ...# ...# ...# #.....#
...#################.....#
...+.....................#
...###......####.## .....#
...##.............##.....#
...##.......#...@l.......
#####.......#%#.#h##.##.# ######
#####.......#.#....#.##.####.....
............+....5......5>##.....
#####.......#.###..#.##.#.##.....
#.#######.. ..#.##.#.##.....
#####.#### ### #.## ##.#.##.....
.........# #.. ..#..'.....
.........#########.## ###.##.....


You could see Natasha, a white imp and a frilled lizard.

Vanquished Creatures
  An adder (D:3)
  2 worms (D:3)
  3 leopard geckos (D:1)
  A bat (D:2)
  3 giant cockroaches
  7 hobgoblins
  A frilled lizard (D:3)
  5 goblins
  3 kobolds
  6 rats
32 creatures vanquished.

Notes
Turn   | Place    | Note
-------+----------+-------------------------------------------
     0 | D:1      | Ankalagon the Naga Venom Mage began the quest for the Orb.
     0 | D:1      | Reached XP level 1. HP: 15/15 MP: 3/3
    67 | D:1      | Reached XP level 2. HP: 7/22 MP: 0/5
   131 | D:1      | Learned a level 2 spell: Poisonous Vapours
   749 | D:1      | Reached XP level 3. HP: 17/28 MP: 2/6
  1028 | D:2      | Noticed Natasha
  1417 | D:2      | Killed from afar by Natasha

Levels and vault maps discovered:
D:1:      dpeg_arrival_refuge, layout_basic, chequers_serial_rivers_micro_c,
          hangedman_decor_points
D:2:      layout_basic, chequers_ecumenical_altar_island, uniq_natasha
D:3:      layout_rooms, first_ration, eino_tiny_chamber,
          kennysheep_generic_room_3

Skill      XL: |  1  2  3 |
---------------+----------+-----
Spellcasting   | 3 |  3.0
Dodging        | |  1.5
Stealth        | |  3.0
Transmutations | |  1.6
Poison Magic   | |  4.8

Action                   || total
-------------------------++-------
Melee: Dagger            ||     9
       Unarmed           ||     2
       Hand axe          ||    36
Throw: Javelin           ||     2
 Cast: Sting             ||    21
 Abil: Spit Poison       ||    12
  Use: Scroll            ||     5
 Stab: Sleeping          ||     3
  Eat: Chunk             ||     2
Armor: Robe              ||     2
Dodge: Dodged            ||    43

Table legend:
 A = Non-vault XP
 B = Vault XP
 C = Vault XP percentage of total XP
 D = Non-vault monster count
 E = Vault monster count
 F = Vault count percentage of total count
                 A         B        C        D         E       F
            +---------+---------+-------+---------+---------+-------
      Total |      74 |       0 |   0.0 |      32 |       0 |   0.0
            +---------+---------+-------+---------+---------+-------
        D:1 |      35 |       0 |   0.0 |      19 |       0 |   0.0
        D:2 |      11 |       0 |   0.0 |       7 |       0 |   0.0
        D:3 |      28 |       0 |   0.0 |       6 |       0 |   0.0
            +---------+---------+-------+---------+---------+-------
